 Dungeon Crawl Stone Soup version 0.31-a0-496-g6f97920a28 (webtiles) character file.

Game seed: 15082638819623505805

95 AstroCodex24 the Trooper (level 4, -2/35 HPs)
             Began as a Vampire Fighter on Aug 8, 2023.
             Slain by an orc
             ... wielding a +0 falchion
              (5 damage)
             ... on level 3 of the Dungeon.
             The game lasted 00:02:12 (348 turns).

AstroCodex24 the Trooper (Vampire Fighter)           Turns: 348, Time: 00:02:12

Health: -2/35      AC:  6    Str: 17    XL:     4   Next: 39%
Magic:  4/4        EV:  9    Int: 10    God:
Gold:   24         SH:  4    Dex: 13    Spells: 3/3 levels left

rFire   . . .        a - +0 war axe
rCold   . . .        c - +0 buckler
rNeg    . . .        b - +0 scale mail
rPois   .            (no helmet)
rElec   .            (no cloak)
rCorr   .            (no gloves)
SInv    +            (no boots)
Will    .....        (no amulet) Stlth
                     (no ring)
HPRegen 0.45/turn    (no ring)
MPRegen 0.09/turn

%: no passive effects
@: healing quickly
A: alive, fangs 3, see invisible, vampiric 2
a: Exsanguinate


You were on level 3 of the Dungeon.
You visited 1 branch of the dungeon, and saw 3 of its levels.

You collected 24 gold pieces.

Inventory:

Hand Weapons
 a - a +0 war axe (weapon)
Missiles
 i - a throwing net (quivered)
Armour
 b - a +0 scale mail (worn)
 c - a +0 buckler (worn)
Scrolls
 f - a scroll of butterflies {unknown}
 h - 2 scrolls of identify {unknown}
Potions
 d - a potion of might
 e - a potion of curing {unknown}


   Skills:
 + Level 3.2 Fighting
 + Level 2.6 Axes
 + Level 3.2 Armour
 + Level 0.2 Dodging
 + Level 3.1 Shields


You had 3 spell levels left.
You didn't know any spells.
Your spell library was empty.

Dungeon Overview and Level Annotations

Branches:
Dungeon (3/15)

Altars:


Innate Abilities, Weirdness & Mutations

Your natural rate of healing is accelerated.
You have razor-sharp teeth.
You have supernaturally acute eyesight. (SInv)
You are afflicted with vampirism and can become a bat while bloodless.


Message History

You hit the orc priest but do no damage.
Your bite misses the orc priest.
The orc priest is severely wounded.
You hit the orc but do no damage. The orc completely misses you.
The orc priest casts a cantrip, but nothing happens.
You hit the orc priest but do no damage.
The orc priest is severely wounded.
You closely miss the orc.
The orc priest hits you with a +1 dagger of pain.
The orc hits you with a +0 hand axe. You block the orc's attack.
The orc priest hits you but does no damage.
You hit the orc priest.
The orc priest is almost dead.
You hit the orc but do no damage. The orc hits you with a +0 hand axe.
The orc priest hits you but does no damage.
You hit the orc priest.
The orc priest is almost dead.
You closely miss the orc.
The orc priest invokes the aid of Beogh against you.
Beogh smites you!
* * * LOW HITPOINT WARNING * * *
The orc hits you but does no damage. The orc priest barely misses you.
An orc comes into view. It is wielding a +0 falchion.
The orc hits you but does no damage. The bat closely misses you.
The orc shouts!
You hit the orc priest but do no damage.
The orc priest is almost dead.
You barely miss the bat. You slash the orc!
You kill the orc!
The bat hits you but does no damage.
The orc priest invokes the aid of Beogh against you.
You barely resist. You closely miss the orc priest. You bite the orc priest.
You kill the orc priest!
You closely miss the bat. You block the bat's attack.
You have reached level 4!
You barely miss the orc. You barely miss the bat. The bat hits you.
* * * LOW HITPOINT WARNING * * *
You block the orc's attack. The orc hits you with a +0 falchion.
You die...

................<..........
######..#####.......#.# #
#.## #...#.......# .##
........#######...##....
###.#.#.#####...#......<.
#.. #.........#........ #.
######............. #.
#.....)o...##......
.#####@b.## ...... #...#
...... #...# ##...#
####......### .##[# # ..
###


You could see an orc and a bat.

Vanquished Creatures
  An orc priest (D:3)
  3 gnolls (D:3)
  2 adders
  An orc (D:3)
  A ball python (D:1)
  2 endoplasms (D:3)
  3 goblins
  2 hobgoblins (D:1)
  A quokka (D:2)
  A kobold (D:2)
  2 rats
19 creatures vanquished.

Notes
Turn   | Place    | Note
-------+----------+-------------------------------------------
     0 | D:1      | AstroCodex24 the Vampire Fighter began the quest for the
                  | Orb.
     0 | D:1      | Reached XP level 1. HP: 17/17 MP: 1/1
    94 | D:2      | Reached XP level 2. HP: 21/23 MP: 2/2
   227 | D:3      | Gained mutation: You are afflicted with vampirism and can
                  | become a bat while bloodless. [Vampire growth]
   227 | D:3      | Reached XP level 3. HP: 3/28 MP: 3/3
   348 | D:3      | Reached XP level 4. HP: 4/35 MP: 4/4
   348 | D:3      | Slain by an orc

Illustrated notes

Levels and vault maps discovered:
D:1:      saegor_arrival_simple_a, layout_loops_ring
D:2:      layout_basic, hangedman_decor_riveting
D:3:      layout_rooms, uniq_ijyb, uniq_natasha

Skill      XL: |  1  2  3 |
---------------+----------+-----
Axes           | 2 |  2.6
Fighting       | 3 |  3.2
Armour         | 3 |  3.2
Shields        | 3 |  3.1
Dodging        | |  0.2

Action                     |  1- 3 |  4- 6 || total
---------------------------+-------+-------++-------
  Melee: War axe           |    50 |     1 ||    51
         Bite              |     1 |       ||     1
    Use: Potion            |     2 |       ||     2
 Armour: Scale mail        |    39 |       ||    39
  Dodge: Dodged            |    29 |       ||    29
  Block: Buckler           |    19 |     1 ||    20

Table legend: (Time is in decaauts)
 A = Elapsed time spent in this place.
 B = Non-inter-level travel time spent in this place.
 C = Inter-level travel time spent in this place.
 D = Time resting spent in this place.
 E = Time spent auto-exploring this place.
 F = Levels seen in this place.
 G = Mean time per level.
                   A        B        C        D        E       F      G
               +--------+--------+--------+--------+--------+-----+--------+
         Total |    369 |    369 |      0 |      0 |      0 |   3 |  123.0 |
       Dungeon |    369 |    369 |      0 |      0 |      0 |   3 |  123.0 |
               +--------+--------+--------+--------+--------+-----+--------+

Top non-repeatable levels by time:
     D:3: 163 daAuts
     D:2: 112 daAuts
     D:1: 93 daAuts
